AoeStats
← lightslee

African Clearing

510768742Analyzed
4v4 RM · 8h ago on Oct 2, 2026· 22m 7s· 8 players
Game mode
Random Map
Map size
Large (8 player)
Population
200
Speed
Normal
Resources
Standard
Victory
Conquest
Starting age
Dark Age
Ending age
Imperial Age
RankedLock teamsTeams togetherTeam positionsShared explorationLock speedFull tech treeHidden civsTurbo modeCheats
Victory
Defeat
🇨🇳 Turks · China
1416
+13
🇲🇴 Gurjaras · Macao SAR China
1407
+13
🇹🇼 Koreans · Taiwan
1381
+14
🇹🇼 Khmer · Taiwan
1371
+15
🇦🇺 Khmer · Australia
1450
-17
🇨🇳 Saxons · China
1375
-15
🇨🇳 Spanish · China
1308
-12
🇨🇳 Persians · China
1266
-11
jimmy211211
2:54 Loom
14:05 Feudal Age
17:52 Castle Age
16:49 Forging
17:32 Bloodlines
lightslee
12:27 Feudal Age
14:51 Loom
18:38 Castle Age
19:47 Double-Bit Axe
Dean
3:14 Loom
13:11 Feudal Age
20:41 Castle Age
19:51 Forging
21:18 Stone Mining
姬七兮
5:12 Loom
12:54 Feudal Age
14:39 Forging
14:44 Double-Bit Axe
16:32 Town Watch
22:14 Castle Age
赤道大变了
13:27 Feudal Age
13:04 Loom
13:47 Loom
17:04 Castle Age
15:23 Double-Bit Axe
18:04 Bow Saw
21:49 Fletching
青铜斗士
4:24 Loom
14:06 Feudal Age
马虎
5:35 Loom
13:57 Feudal Age
19:03 Castle Age
金戈铁鸡炸鱼号
10:57 Feudal Age
13:00 Double-Bit Axe
15:10 Loom
16:45 Horse Collar
17:48 Scale Barding Armor
18:21 Forging
19:22 Wheelbarrow
20:06 Bloodlines
Connection lost

Rejoining the realm…

Still unreachable

The connection could not be restored.

Session expired

The server has moved on; the page needs a fresh start.